 Dungeon Crawl Stone Soup version 0.19-a0 (webtiles) character file.

291 MovingMist the Ruffian (level 6, -12/53 HPs)
             Began as a Ghoul Monk on Apr 27, 2016.
             Mangled by an orc warrior
             ... wielding a +0 broad axe
              (15 damage)
             ... on level 6 of the Dungeon.
             The game lasted 00:09:08 (2776 turns).

MovingMist the Ruffian (Ghoul Monk)                 Turns: 2776, Time: 00:09:09

Health: -12/53     AC:  5    Str: 15    XL:     6   Next: 32%
Magic:  5/5        EV: 14    Int:  5    God:
Gold:   227        SH:  0    Dex: 13    Spells: 1 memorised, 3 levels left

rFire  . . .     SeeInvis .       - Unarmed
rCold  + . .     Gourm    .     a - +1 robe
rNeg   + + +     Faith    .     (no shield)
rPois  ∞         Spirit   .     (no helmet)
rElec  .         Dismiss  .     p - +0 cloak (curse)
rCorr  .         Reflect  .     (no gloves)
SustAt .         Harm     .     c - +0 pair of boots
MR     .....                    (no amulet)
Stlth  ++........               (no ring)
                                (no ring)

@: rotting, not resistant to hostile enchantments, unstealthy
A: rotting body, claws 1, carnivore 3, cold resistance 1, negative energy
resistance 3, slow regeneration 1, torment resistance, unbreathing
a: no special abilities


You were on level 6 of the Dungeon.
You were not hungry.

You visited 1 branch of the dungeon, and saw 6 of its levels.

You collected 227 gold pieces.

Inventory:

Missiles
 g - 4 exploding tomahawks (quivered)
Armour
 a - a +1 robe (worn)
 c - a +0 pair of boots (worn)
 i - a +4 scale mail
 p - a cursed +0 cloak (worn)
Jewellery
 k - an uncursed ring of protection from magic {unknown}
Scrolls
 j - a scroll of amnesia
 n - a scroll of remove curse
 r - a scroll of blinking
Potions
 d - a potion of beneficial mutation {unknown}
 e - a potion of might {unknown}
 h - 2 potions of heal wounds {unknown}
 l - a potion of ambrosia {unknown}
 q - a potion of magic {unknown}
Books
 m - a book of Spatial Translocations

   Spells                             Type                      Level
   a - Apportation                    Translocation                1
   b - Blink                          Translocation                2
   c - Shroud of Golubria             Charms/Translocation         2
   d - Portal Projectile              Translocation                3
   e - Teleport Other                 Translocation                3
   f - Passage of Golubria            Translocation                4
Comestibles
 b - 2 meat rations
 o - a beef jerky


   Skills:
 + Level 4.5 Fighting
 * Level 4.9 Dodging
 - Level 2.1 Stealth
 + Level 5.5 Unarmed Combat


You had 3 spell levels left.
You knew the following spells:

 Your Spells              Type           Power        Failure   Level  Hunger
a - Blink                 Tloc           N/A          80%         2    ###....


Dungeon Overview and Level Annotations

Branches:
Dungeon (7/15)
 Temple: D:4-7

Altars:
Nemelex Xobeh
Ru


Innate Abilities, Weirdness & Mutations

Your body is rotting away.
You thrive on raw meat.
You are immune to poison.
You have sharp fingernails.
You are carnivorous and can eat meat at any time.
Your flesh is cold resistant.
You are immune to negative energy.
You regenerate slowly when monsters are visible.
You are immune to unholy pain and torment.
You can survive without breathing.


Message History

The orc warrior barely misses you.
There is an open door, spattered with blood here.
You see here a jackal corpse.
You scratch the orc warrior but do no damage.
The orc warrior hits you with a broad axe.
You barely miss the orc warrior. The orc warrior barely misses you.
You scratch the orc warrior but do no damage.
You scratch the orc warrior.
The orc warrior is moderately wounded.
The orc warrior hits you with a broad axe.
You barely miss the orc warrior.
The orc warrior is moderately wounded.
The orc warrior hits you with a broad axe!!
* * * LOW HITPOINT WARNING * * *
You barely miss the orc warrior.
The orc warrior is moderately wounded.
You scratch the orc warrior. Your claw misses the orc warrior.
The orc warrior is moderately wounded.
The orc warrior hits you with a broad axe!
You die...

#.....#
####...###...###....##
...............#.>...#
$............!#.....#
.......(.....#.....#
#...##.....##.....#
#...##.....##.....#
#..†#.............#
#...@o............#
+...#....[........#
###################


You could see an orc warrior.

Vanquished Creatures
  The ghost of ThereIsNoGod the Sneak, an amateur SpAs of Dithmenos (D:4)
  A scorpion (D:4)
  A howler monkey (D:3)
  A worker ant (D:4)
  A hound skeleton (D:4)
  4 adders
  A worm (D:3)
  2 dart slugs
  A giant gecko (D:2)
  8 orcs
  A ball python (D:3)
  4 giant cockroaches
  4 goblins
  4 hobgoblins
  7 jackals
  6 kobolds
  A quokka (D:2)
  2 bats
  3 giant newts (D:1)
  5 rats
58 creatures vanquished.

Notes
Turn   | Place    | Note
--------------------------------------------------------------
     0 | D:1      | MovingMist the Ghoul Monk began the quest for the Orb.
     0 | D:1      | Reached XP level 1. HP: 19/19 MP: 0/0
   149 | D:1      | Reached XP level 2. HP: 26/26 MP: 1/1
   659 | D:2      | HP: 1/26 [adder (2)]
   660 | D:2      | Reached XP level 3. HP: 2/31 MP: 2/2
   949 | D:2      | Found a sacrificial altar of Ru.
  1085 | D:2      | Found a sparkling altar of Nemelex Xobeh.
  1405 | D:3      | Reached XP level 4. HP: 40/40 MP: 3/3
  1738 | D:3      | Reached skill level 5 in Unarmed Combat
  1741 | D:3      | Reached XP level 5. HP: 41/46 MP: 4/4
  2060 | D:3      | Found a sparkling altar of Nemelex Xobeh.
  2060 | D:3      | Noticed a hippogriff
  2263 | D:4      | Noticed ThereIsNoGod's ghost (amateur SpAs)
  2282 | D:4      | Killed ThereIsNoGod's ghost
  2529 | D:4      | Reached XP level 6. HP: 51/53 MP: 5/5
  2536 | D:4      | Learned a level 2 spell: Blink
  2692 | D:4      | You fall through a shaft for 3 floors!
  2696 | D:7      | Noticed an orc warrior
  2717 | D:7      | Noticed a black bear
  2776 | D:6      | Mangled by an orc warrior

Vault maps used:
D:1:      roderic_octagonal_star
D:2:      lemuel_coloured_pillars_altar, wad_floor_pattern_untrapped,
          hangedman_ru_absence
D:3:      minmay_misc_feat_hallway, grunt_nemelex_the_gamble
D:4:      first_bread
D:6:      minmay_temple_entry_trees, portal_sewer_entry_a,
          minmay_misc_feat_plants
D:7:      serial_shops, shop

Skill      XL: |  1  2  3  4 |
---------------+-------------+-----
Dodging        | 3 4 |  4.9
Fighting       | 4 |  4.5
Unarmed Combat | 5 |  5.5
Stealth        | |  2.1

Action                   |  1- 3 |  4- 6 || total
-------------------------+-------+-------++-------
Melee: Unarmed           |   122 |   132 ||   254
       Punch             |     1 |       ||     1
  Use: Scroll            |     5 |     3 ||     8
 Stab: Sleeping          |     4 |     2 ||     6
  Eat: Chunk             |    12 |     3 ||    15
Armor: Robe              |    26 |    28 ||    54
Dodge: Dodged            |    83 |    94 ||   177
